Map: Acid Plant LE

Players

Optimus - Winner!

  • Race: Terran Terran
  • League: Master
  • Spawn Location: 11:00

YoGo

  • Race: Zerg Zerg
  • League: Grandmaster
  • Spawn Location: 5:00

Event: HomeStory Cup XVII

VOD

Have the link to the VOD?

Description

Time

  • Played on: June 28, 2018, 4:08 p.m.
  • Length: 13:49

All games in this series

Show
View Real Time Build Order
Export as new Build Order

Optimus Terran - Winner!

Build Orders: Reaper Expand, Bio Tank, Hellion Banshee 

Get SALT Encoding   

  12  0:00  SCV  
  13  0:12  SCV  
  14  0:17  Supply Depot  
  14  0:24  SCV  
  15  0:38  SCV  
  15  0:40  Barracks  
  16  0:44  Refinery  
  16  0:51  SCV  
  17  1:03  SCV  
  18  1:15  SCV  
  19  1:27  Orbital Command, Reaper  
  20  1:40  Command Center  
  20  1:48  Supply Depot  
  20  1:53  SCV  
  21  1:59  Marine  
  22  2:04  Factory  
  22  2:09  SCV  
  22  2:12  Refinery  
  23  2:21  SCV, Barracks Reactor  
  24  2:33  SCV  
  25  2:45  SCV  
  26  2:55  Starport  
  26  2:57  SCV  
  27  2:58  Orbital Command  
  27  3:03  Barracks Tech Lab  
  27  3:07  Hellion x2  
  27  3:09  SCV  
  32  3:21  SCV  
  32  3:25  SCV  
  34  3:31  Supply Depot  
  34  3:32  Hellion  
  34  3:33  SCV, Hellion  
  39  3:40  Cloaking Field  
  39  3:41  Banshee  
  39  3:45  SCV x2  
  44  3:54  Hellion x2  
  48  3:57  Supply Depot, SCV  
  48  4:00  SCV  
  50  4:09  SCV  
  51  4:13  SCV  
  52  4:17  Barracks Tech Lab  
  52  4:21  Supply Depot, SCV  
  52  4:24  Banshee  
  53  4:25  SCV  
  53  4:30  Command Center  
  57  4:33  SCV  
  57  4:35  Marine  
  57  4:36  Stimpack  
  57  4:37  SCV  
  60  4:45  SCV, Barracks  
  61  4:50  Barracks  
  61  4:51  Factory Reactor  
  61  4:52  SCV  
  62  4:56  Refinery  
  62  4:57  Supply Depot, SCV  
  63  5:01  Marine  
  63  5:04  SCV  
  65  5:09  SCV  
  66  5:14  Starport Reactor  
  66  5:16  SCV  
  66  5:17  Engineering Bay x2  
  66  5:19  Marine  
  68  5:21  SCV  
  69  5:28  SCV  
  69  5:33  SCV  
  62  5:36  Marine x3  
  62  5:40  SCV  
  62  5:42  Refinery  
  62  5:43  Siege Tank  
  62  5:45  Marine x2  
  62  5:46  Terran Infantry Weapons Level 1, SCV, Terran Infantry Armor Level 1  
  62  5:48  Orbital Command  
  68  5:54  Marine x3  
  71  6:02  Marine, Barracks  
  71  6:03  Marine  
  71  6:04  Barracks  
  73  6:06  Medivac x2  
  77  6:12  SCV x2, Marine  
  77  6:13  Marine x2  
  77  6:14  Orbital Command  
  82  6:20  Siege Tank  
  82  6:24  SCV x2  
  87  6:28  Marine x2  
  87  6:30  Marine  
  90  6:35  Armory  
  90  6:36  SCV  
  90  6:37  Combat Shield  
  90  6:39  SCV x2  
  93  6:52  Supply Depot  
  93  6:53  Supply Depot, Barracks Reactor x2  
  93  7:01  Supply Depot x2  
  93  7:13  SCV x3, Marine, Medivac x2  
  93  7:14  Marine  
  104  7:25  SCV x2, Marine x3  
  107  7:30  SCV, Factory  
  107  7:31  Refinery x2, Marine  
  107  7:32  Marine  
  107  7:34  Supply Depot  
  107  7:35  Marine x4  
  107  7:36  Supply Depot  
  114  7:37  SCV x2  
  114  7:42  SCV, Marine  
  114  7:43  Marine x2  
  120  7:45  Terran Infantry Armor Level 2, Terran Infantry Weapons Level 2  
  120  7:49  Marine  
  120  7:50  Siege Tank, SCV x2, Marine  
  124  7:53  Marine  
  124  7:56  SCV, Marine x3  
  124  7:57  Supply Depot  
  129  8:00  Marine  
  129  8:01  Marine  
  129  8:05  Marine  
  129  8:06  Marine  
  129  8:08  Marine  
  129  8:11  Marine  
  132  8:13  Marine x3  
  132  8:14  Medivac x2  
  132  8:18  Marine  
  132  8:19  Supply Depot  
  140  8:20  Supply Depot, Factory Tech Lab  
  140  8:21  Supply Depot  
  140  8:22  Marine  
  140  8:23  Marine  
  140  8:24  Marine  
  140  8:26  Marine  
  144  8:29  Marine  
  144  8:31  Siege Tank, Marine x3  
  149  8:40  Marine x3  
  152  8:42  Marine  
  152  8:43  Medivac  
  152  8:44  Marine, Medivac  
  152  8:46  Marine  
  162  8:49  Marine x3  
  164  8:58  Marine  
  164  8:59  Marine x2  
  164  9:00  Marine  
  164  9:01  Marine  
  169  9:04  Marine  
  169  9:05  Command Center  
  169  9:07  Marine x2  
  175  9:14  Thor x2  
  175  9:15  Missile Turret  
  175  9:16  Missile Turret  
  181  9:21  Missile Turret  
  169  9:25  Missile Turret  
  169  9:28  Missile Turret, Medivac x2  
  169  9:29  Missile Turret, Marine x5  
  171  9:38  Missile Turret  
  171  9:39  Missile Turret  
  171  9:40  Supply Depot  
  171  9:42  Supply Depot  
  171  9:47  Marine x2  
  171  9:50  Marine x2  
  171  9:51  Marine  
  176  9:57  Siege Tank  
  176  10:07  Siege Tank  
  176  10:08  Marine x9  
  176  10:12  Unknown x4  
  188  10:25  Marine, Liberator x2  
  188  10:26  Marine x8  
  190  10:29  Siege Tank  
  190  10:39  Siege Tank  
  157  10:43  Marine x2  
  157  10:44  Marine x7  
  172  10:50  Terran Infantry Weapons Level 3  
  153  11:01  Siege Tank, Marine  
  153  11:03  Marine x6  
  153  11:11  Siege Tank, Planetary Fortress  
  153  11:15  Liberator  
  153  11:17  Liberator  
  156  11:20  Marauder, Marine x3  
  156  11:21  Marine  
  162  11:27  Marine x2  
  162  11:28  Marine  
  148  11:33  Siege Tank  
  155  11:43  Siege Tank, Marine  
  155  11:44  Marine x2  
  150  11:53  Marine x5  
  140  12:05  Siege Tank  
  140  12:06  Marine x3  
  140  12:07  Liberator  
  147  12:11  Marine x5  
  147  12:12  Liberator  
  154  12:15  Siege Tank  
  154  12:18  Command Center  
  154  12:29  Marine  
  162  12:30  Marauder, Marine x7  
  170  12:37  Siege Tank  
  173  12:47  Siege Tank, Marine  
  173  12:48  Marine  
  180  12:51  Marauder  
  180  12:54  Marine x6  
  183  12:59  Barracks  
  183  13:02  Barracks  
  183  13:05  Marine x2  
  183  13:09  Siege Tank  
  183  13:11  Marine  
  183  13:12  Marine x2  
  164  13:37  Command Center  
  164  13:40  Refinery x2  
Show
View Real Time Build Order
Export as new Build Order

YoGo Zerg 

Build Orders: Pool First, Muta Ling Bane 

Get SALT Encoding   

  12  0:00  Drone  
  13  0:15  Overlord  
  13  0:19  Drone  
  14  0:34  Drone x2  
  16  0:39  Drone  
  17  0:46  Spawning Pool  
  17  0:47  Drone  
  17  1:10  Hatchery  
  16  1:13  Drone  
  17  1:33  Extractor, Zergling x6, Queen  
  21  1:45  Overlord  
  21  1:54  Drone  
  22  2:07  Drone  
  23  2:09  Queen  
  25  2:16  Drone  
  26  2:23  Queen  
  26  2:24  Drone  
  26  2:28  Drone  
  30  2:33  Metabolic Boost  
  30  2:41  Drone  
  30  2:42  Drone x3  
  30  2:43  Drone  
  33  2:54  Overlord  
  32  3:05  Hatchery  
  31  3:07  Drone x2  
  31  3:11  Drone x2  
  35  3:16  Drone x2  
  37  3:23  Overlord  
  37  3:25  Drone  
  38  3:28  Drone x3  
  38  3:33  Drone x2  
  43  3:43  Queen  
  43  3:44  Queen  
  47  3:49  Zergling x6  
  47  3:51  Zergling x2  
  51  4:00  Overlord  
  51  4:01  Overlord  
  51  4:03  Spine Crawler, Drone  
  51  4:04  Drone  
  52  4:16  Evolution Chamber  
  51  4:18  Evolution Chamber  
  51  4:19  Queen  
  51  4:20  Queen  
  54  4:27  Drone x5  
  54  4:28  Drone  
  54  4:30  Drone  
  61  4:40  Zergling x8  
  61  4:43  Zerg Ground Armor Level 1  
  61  4:44  Zerg Melee Weapons Level 1  
  65  4:47  Spore Crawler  
  65  4:51  Spore Crawler  
  63  4:55  Spore Crawler  
  63  4:58  Drone x4  
  66  5:11  Drone x8  
  72  5:15  Spore Crawler  
  71  5:22  Lair  
  68  5:33  Drone  
  68  5:34  Drone x9  
  73  5:40  Drone x3  
  73  5:45  Extractor x3  
  73  5:48  Extractor  
  73  5:49  Extractor, Drone x3  
  71  5:50  Baneling Nest  
  71  5:56  Drone x5  
  72  5:57  Drone  
  71  6:18  Overlord x2  
  71  6:19  Overseer  
  71  6:21  Drone x2  
  71  6:23  Overlord  
  73  6:27  Hatchery  
  73  6:28  Drone  
  73  6:29  Overlord x2  
  73  6:39  Zerg Melee Weapons Level 2  
  73  6:44  Zerg Ground Armor Level 2  
  73  6:46  Zergling x10  
  78  6:47  Hatchery  
  78  6:51  Zergling x6  
  80  6:57  Centrifical Hooks  
  80  6:59  Zergling x8  
  80  7:00  Spore Crawler  
  83  7:05  Drone x3  
  86  7:09  Zergling x2  
  86  7:10  Zergling x2  
  86  7:12  Baneling x2  
  86  7:21  Zergling x10  
  84  7:26  Drone x3  
  84  7:28  Spire  
  86  7:31  Zergling x4  
  86  7:36  Zergling x6  
  91  7:39  Drone  
  91  7:40  Drone  
  91  7:41  Overlord  
  93  7:45  Overlord x2  
  92  7:53  Zergling x16  
  96  7:59  Zergling x4  
  96  8:05  Queen x2  
  99  8:12  Baneling  
  99  8:13  Baneling x2  
  99  8:21  Infestation Pit  
  99  8:25  Queen  
  99  8:33  Baneling  
  99  8:34  Baneling x2  
  96  8:37  Baneling x2  
  96  8:39  Mutalisk x3  
  96  8:40  Mutalisk x4  
  110  8:44  Zergling x26  
  123  8:51  Zergling x12  
  129  8:58  Hive  
  127  9:05  Zergling x8  
  130  9:14  Hatchery  
  123  9:20  Zergling x24  
  123  9:23  Drone x2  
  134  9:31  Drone  
  134  9:32  Overlord x2  
  134  9:33  Overlord  
  135  9:51  Infestor x4  
  143  9:53  Zergling x12  
  143  9:59  Zergling x12  
  155  10:01  Baneling  
  155  10:02  Baneling  
  155  10:06  Baneling  
  155  10:07  Baneling x8  
  148  10:08  Baneling  
  148  10:09  Zergling x2  
  148  10:14  Baneling x7  
  147  10:15  Baneling  
  147  10:21  Zergling x8  
  145  10:28  Zergling x10  
  146  10:40  Zergling x18  
  136  10:45  Zergling x8  
  136  10:46  Zergling x2  
  136  10:49  Zergling x6  
  123  10:57  Ultralisk Cavern  
  123  11:02  Zergling x16  
  118  11:08  Zergling x2  
  118  11:09  Zergling x6  
  121  11:14  Adrenal Glands  
  121  11:18  Baneling x10  
  121  11:23  Zergling x8  
  110  11:44  Ultralisk x2  
  114  11:52  Ultralisk  
  114  11:53  Chitinous Plating  
  96  12:03  Zergling x6  
  96  12:05  Baneling x3  
  93  12:20  Zergling x18  
  102  12:30  Baneling x6  
  102  12:33  Zergling x2  
  102  12:34  Zergling x10  
  108  12:42  Zergling x10  
  113  12:49  Zergling x10  
  118  12:57  Zergling x8  
  113  13:01  Baneling x2  
  111  13:06  Baneling x7  
  111  13:07  Zergling x6  
  111  13:10  Zergling x2  
Tags
 
Add a new tag
Caveats
  • Supply blocks, unpowered buildings, or Contaminate may cause inaccurate times.
  • Supply counts are checked every 10 seconds.